 Dungeon Crawl Stone Soup version 0.30-a0-567-gf7fd966b4a (webtiles) character file.

Game seed: 84352667527236664

413 kae the Changer (level 6, 0/44 HPs)
             Began as a Demonspawn Transmuter on Dec 28, 2022.
             Slain by a shadow imp (4 damage)
             ... on level 4 of the Dungeon.
             The game lasted 00:04:37 (2990 turns).

kae the Changer (Demonspawn Transmuter)             Turns: 2990, Time: 00:04:37

Health: 0/44       AC:  6    Str: 11    XL:     6   Next: 59%
Magic:  9/10       EV: 12    Int: 16    God:
Gold:   181        SH:  4    Dex: 13    Spells: 1/11 levels left

rFire   . . .      SeeInvis .      - Unarmed
rCold   + + .      Faith    .    (no shield)
rNeg    . . .      Spirit   .    a - +1 robe
rPois   .          Reflect  .    (helmet restricted)
rElec   .          Harm     .    (no cloak)
rCorr   .          Rampage  .    (no gloves)
Will    .....                    (no boots)
Stlth   +                        (no amulet)
HPRegen 0.27/turn                C - ring of protection from cold
MPRegen 0.12/turn                c - ring of protection from cold

@: no status effects
A: antennae 1, thin metallic scales 2, condensation shield
a: no special abilities


You were on level 4 of the Dungeon.
You visited 1 branch of the dungeon, and saw 4 of its levels.

You collected 181 gold pieces.


Innate Abilities, Weirdness & Mutations

You have a pair of small antennae on your head.
You are mostly covered in thin metallic scales. (AC +3)
A meltable shield of frost defends you. (SH +4)


   Skills:
 + Level 2.1 Fighting
 - Level 1.7 Dodging
 + Level 3.7 Unarmed Combat
 + Level 3.2 Spellcasting
 * Level 4.2 Transmutations
 * Level 1.0 Ice Magic
 - Level 2.0 Poison Magic


You had one spell level left.
You knew the following spells:

 Your Spells              Type           Power      Damage    Failure   Level
a - Beastly Appendage     Tmut           32%        N/A       3%          1
b - Wereblood             Tmut           16%        N/A       4%          2
c - Spider Form           Tmut/Pois      12%        N/A       16%         3
d - Ice Form              Ice/Tmut       11%        N/A       52%         4

Your spell library contained the following spells:

 Spells                   Type           Power      Damage    Failure   Level
 Sting                    Tmut/Pois      48%        1d5       4%          1
 Summon Small Mammal      Summ           8%         N/A       19%         1
 Poisonous Vapours        Pois/Air       10%        N/A       19%         2
 Call Canine Familiar     Summ           2%         N/A       50%         3
 Summon Guardian Golem    Hex/Summ       2%         N/A       50%         3
 Olgreb's Toxic Radiance  Pois           9%         N/A       63%         4
 Airstrike                Air            1%         2d(1-17)  88%         4
 Summon Lightning Spire   Summ/Air       2%         N/A       88%         4
 Lightning Bolt           Conj/Air       1%         1d12      99%         5
 Orb of Destruction       Conj           1%         9d5       100%        7
 Spellforged Servitor     Conj/Summ      1%         N/A       100%        7
 Borgnjor's Revivificati  Necr           1%         N/A       100%        8
 Necromutation            Tmut/Necr      4%         N/A       100%        8
 Death's Door             Necr           1%         N/A       100%        9

Inventory:

Missiles
 g - 42 stones
 t - 3 javelins
Armour
 a - a +1 robe (worn)
Jewellery
 b - an amulet of magic regeneration
   (You found it on level 4 of the Dungeon)
 c - a ring of protection from cold (right hand)
   (You found it on level 1 of the Dungeon)
 e - a ring of protection from cold
   (You found it on level 4 of the Dungeon)
 p - a ring of ice
   (You found it on level 3 of the Dungeon)
 C - a ring of protection from cold (left hand)
   (You found it on level 1 of the Dungeon)
 O - a +4 ring of protection
   (You found it on level 4 of the Dungeon)
Scrolls
 d - a scroll of enchant weapon {unknown}
 i - 2 scrolls of vulnerability {!r!r}
 k - a scroll of identify {@r1}
 s - a scroll of fog
Potions
 f - a potion of might {unknown}
 h - 2 potions of haste {@q3}
 j - 3 potions of curing {@q1}
 o - a potion of magic
 r - a potion of heal wounds {unknown}
 u - 2 potions of ambrosia {unknown}

Dungeon Overview and Level Annotations

Branches:
Dungeon (4/15) Zot: 21025
 Temple: D:4-7

Altars:
Makhleb

Shops:
D:1 ??!!

.##........ # .P....
♣##...##.... #......♣
............
#.♣.............#.###
.....P..♣#.........#
..oo# .......#.....
.o. #.....#.##.. #5#
#........... #@#
#........##. #.#
#........##.
##.#####........##.
#........#.##.#####
#...###..#....# #..##
##.##...## #...# {
#.......#### #..###
###...#....# ...#
##..####..


You could see a shadow imp and 3 orcs.


Message History

😨 HP[+1] 😨 HP[+1] Unknown command. 😨 HP[+1] 😨 HP[+1] 😨 HP[+1]
A white imp comes into view.
The white imp shouts!
You hear a shout!
A shadow imp comes into view.
You hear the drain falling apart.
The white imp gestures at you.
The puff of frost hits you but does no damage.
You resist.
You see here 12 gold pieces. 😨 HP[+1]
Casting: Wereblood (safe; 4% risk of failure)
Confirm with . or Enter, or press ? or * to list all spells.
You turn into a venomous arachnid creature.
Your +1 robe melds into your body.
The white imp gestures at you. The puff of frost hits you. You resist.
* * * LOW HITPOINT WARNING * * *
The shadow imp gestures at you. Pain shoots through your body!
* * * LOW HITPOINT WARNING * * *
😨 HP[-2] MP[-3]
You take 2 damage, and now have 20/44 hp.
You lost 3 mp, and now have 7/10 mp.
You feel better. 😮 HP[+7]
You regained 7 hp, and now have 27/44 hp.
The white imp gestures at you. The puff of frost hits you. You resist. 😮 HP[-3]
You take 3 damage, and now have 24/44 hp.
You are too injured to fight recklessly!
You are too injured to fight recklessly!
The white imp closely misses you.
You see here 12 gold pieces.
You are too injured to fight recklessly!
You are too injured to fight recklessly!
You bite the white imp! The white imp gestures at you.
The puff of frost misses you. 😮 HP[+1]
You hit the white imp but do no damage. The white imp barely misses you.
You are too injured to fight recklessly!
You are too injured to fight recklessly!
You hit the white imp.
You kill the white imp!
The walls and floor vibrate strangely for a moment.
Your Ice Magic skill increases to level 1!
You bite the shadow imp! 😮 MP[+1] Unknown command.
You barely miss the shadow imp.
The shadow imp hits you but does no damage. 😮 HP[+1]
You barely miss the shadow imp.
Your transformation is almost over.
The shadow imp barely misses you.
You barely miss the shadow imp. You block the shadow imp's attack.
An orc comes into view. It is wielding a +0 hand axe.
Unknown command.
You completely miss the shadow imp.
The orc shouts!
The shadow imp barely misses you.
You hit the shadow imp. The shadow imp hits you.
* * * LOW HITPOINT WARNING * * *
😨 HP[-4]
You take 4 damage, and now have 22/44 hp.
Unknown command.
You hit the shadow imp but do no damage.
The shadow imp hits you but does no damage.
An orc comes into view. It is wielding a +0 hand axe.
An orc comes into view. It is wielding a +0 club.
You hit the shadow imp but do no damage.
The shadow imp hits you.
* * * LOW HITPOINT WARNING * * *
😨 HP[-2]
You take 2 damage, and now have 20/44 hp.
You hit the shadow imp but do no damage.
You block the shadow imp's attack. 😨 HP[+1]
The shadow imp gestures at you. Pain shoots through your body!
* * * LOW HITPOINT WARNING * * *
😱 HP[-14] MP[+1]
You take 14 damage, and now have 7/44 hp.
MASSIVE DAMAGE!! (PAUSE)
The shadow imp grinds its teeth.
The shadow imp hits you.
* * * LOW HITPOINT WARNING * * *
You see here 12 gold pieces. 😱 HP[-3]
You take 3 damage, and now have 4/44 hp.
You barely miss the shadow imp.
Your transformation has ended.
Your +1 robe unmelds from your body.
The shadow imp hits you.
You die...

Skill      XL: |  1  2  3  4  5  6 |
---------------+-------------------+-----
Transmutations | 2 3 4 |  4.2
Unarmed Combat | 3 |  3.7
Poison Magic   | 1 2 |  2.0
Spellcasting   | 3 |  3.2
Fighting       | 2 |  2.1
Ice Magic      | 1 |  1.0
Dodging        | |  1.7

Action                   |  1- 3 |  4- 6 || total
-------------------------+-------+-------++-------
Melee: Unarmed           |   113 |   149 ||   262
       Kick              |    14 |     9 ||    23
       Headbutt          |    14 |    11 ||    25
       Punch             |       |     2 ||     2
 Cast: Beastly Appendage |    25 |    12 ||    37
       Wereblood         |     1 |     2 ||     3
       Spider Form       |       |     6 ||     6
  Use: Scroll            |       |    11 ||    11
       Potion            |       |     2 ||     2
 Stab: Distracted        |       |     1 ||     1
Armor: Robe              |    33 |    22 ||    55
       Skin              |       |     9 ||     9
Dodge: Dodged            |    80 |    92 ||   172
Block: Other             |    11 |    20 ||    31

Levels and vault maps discovered:
D:1:      minmay_arrival_checkered_box, layout_basic, serial_shops,
          nicolae_lakefront_shop, shop, nicolae_shop_trees, nicolae_square_shop
D:2:      layout_rooms, minmay_splitting_lines, minmay_misc_feat_ornament
D:3:      layout_loops_ring, nicolae_overflow_ecumenical_swirl
D:4:      layout_rooms, mainiacjoe_overflow_catwalk, nemelex_dance_club_becter,
          serial_demonic, serial_demonic_c, serial_demonic_b, serial_demonic_c,
          serial_demonic_c, serial_demonic_a, serial_demonic_d,
          portal_sewer_entry_b, minmay_misc_feat_alley

Notes
Turn   | Place    | Note
-------+----------+-------------------------------------------
     0 | D:1      | kae the Demonspawn Transmuter began the quest for the Orb.
     0 | D:1      | Reached XP level 1. HP: 15/15 MP: 3/3
     0 | D:1      | magus.rc [v1.11.3]
    23 | D:1      | Found Diompach's Distillery.
    41 | D:1      | Reached skill level 2 in Transmutations
   142 | D:1      | Gained mutation: You are partially covered in thin metallic
                  | scales. (AC +2) [demonic ancestry]
   142 | D:1      | Reached XP level 2. HP: 21/21 MP: 1/5
   292 | D:1      | Found Kywias's Distillery.
   327 | D:1      | Found Duezamia's Magic Scroll Shoppe.
   570 | D:1      | Found Ifis's Magic Scroll Shoppe.
   729 | D:1      | Reached skill level 3 in Unarmed Combat
   753 | D:1      | Learned a level 2 spell: Wereblood
   770 | D:2      | Gained mutation: A meltable shield of frost defends you.
                  | (SH +4) [demonic ancestry]
   770 | D:2      | Reached XP level 3. HP: 24/26 MP: 2/6
   782 | D:2      | Learned a level 3 spell: Spider Form
  1269 | D:2      | Reached skill level 3 in Transmutations
  1269 | D:2      | Gained mutation: You are mostly covered in thin metallic
                  | scales. (AC +3) [demonic ancestry]
  1269 | D:2      | Reached XP level 4. HP: 27/32 MP: 5/7
  1374 | D:3      | Found a faded altar of an unknown god.
  1411 | D:3      | You add the spells Sting, Poisonous Vapours and Olgreb's
                  | Toxic Radiance to your library.
  1848 | D:3      | Reached skill level 1 in Poison Magic
  1971 | D:3      | You pick up a book of Callings and begin reading...
  1971 | D:3      | You add the spells Summon Small Mammal, Call Canine
                  | Familiar and Summon Guardian Golem to your library.
  2027 | D:3      | You add the spells Borgnjor's Revivification, Necromutation
                  | and Death's Door to your library.
  2208 | D:3      | Noticed a necrophage
  2217 | D:3      | Killed a necrophage
  2218 | D:3      | Reached XP level 5. HP: 23/37 MP: 7/9
  2309 | D:3      | You pick up a book of Storms and begin reading...
  2309 | D:3      | You add the spells Airstrike, Summon Lightning Spire and
                  | Lightning Bolt to your library.
  2374 | D:4      | Reached skill level 3 in Spellcasting
  2466 | D:4      | You pick up a book of Dangerous Friends and begin
                  | reading...
  2466 | D:4      | You add the spells Orb of Destruction and Spellforged
                  | Servitor to your library.
  2492 | D:4      | Found a burning altar of Makhleb.
  2599 | D:4      | Reached skill level 2 in Fighting
  2599 | D:4      | Reached skill level 4 in Transmutations
  2599 | D:4      | Gained mutation: You have a pair of small antennae on your
                  | head. [demonic ancestry]
  2599 | D:4      | Reached XP level 6. HP: 32/44 MP: 6/10
  2608 | D:4      | Learned a level 4 spell: Ice Form
  2720 | D:4      | Reached skill level 2 in Poison Magic
  2979 | D:4      | Reached skill level 1 in Ice Magic
  2988 | D:4      | HP: 7/44 [shadow imp/nerve-wracking pain (14)]
  2990 | D:4      | Slain by a shadow imp

Vanquished Creatures
  A necrophage (D:3)
  A scorpion (D:4)
  A hound (D:4)
  An iguana (D:4)
  5 gnolls
  5 adders
  4 shadow imps (D:4)
  3 white imps (D:4)
  2 ufetubi (D:4)
  2 worms (D:3)
  A dart slug (D:1)
  2 orcs
  8 endoplasms
  7 giant cockroaches
  7 goblins
  A hobgoblin (D:1)
  4 jackals
  A quokka (D:2)
  6 ball pythons
  7 bats
  5 frilled lizards
  A kobold (D:2)
  4 rats
79 creatures vanquished.

Vanquished Creatures (others)
  5 demonic plants (D:4)
5 creatures vanquished.

Grand Total: 84 creatures vanquished

Table legend:
 A = Non-vault XP
 B = Vault XP
 C = Vault XP percentage of total XP
 D = Non-vault monster count
 E = Vault monster count
 F = Vault count percentage of total count
                 A         B        C        D         E       F
            +---------+---------+-------+---------+---------+-------
      Total |     499 |      92 |  15.6 |      70 |       9 |  11.4
            +---------+---------+-------+---------+---------+-------
        D:1 |      40 |       0 |   0.0 |      22 |       0 |   0.0
        D:2 |      67 |       0 |   0.0 |      21 |       0 |   0.0
        D:3 |     154 |       0 |   0.0 |      16 |       0 |   0.0
        D:4 |     238 |      92 |  27.9 |      11 |       9 |  45.0
            +---------+---------+-------+---------+---------+-------

Illustrated notes

Table legend:
 A = Kills in this place as a percentage of kills in entire the game.
 B = Kills by you in this place as a percentage of kills by you in the entire game.
 C = Kills by friends in this place as a percentage of kills by friends in the entire game.
 D = Other kills in this place as a percentage of other kills in the entire game.
 E = Experience gained in this place as a percentage of experience gained in the entire game.
 F = Experience gained in this place divided by the number of levels of this place that you have seen.
                   A       B       C       D       E      F
               +-------+-------+-------+-------+-------+----------------------
         Total | 100.0 | 100.0 |   N/A |   N/A | 100.0 | 147.8
       Dungeon | 100.0 | 100.0 |   N/A |   N/A | 100.0 | 147.8
               +-------+-------+-------+-------+-------+----------------------

Table legend: (Time is in decaauts)
 A = Elapsed time spent in this place.
 B = Non-inter-level travel time spent in this place.
 C = Inter-level travel time spent in this place.
 D = Time resting spent in this place.
 E = Time spent auto-exploring this place.
 F = Levels seen in this place.
 G = Mean time per level.
                   A        B        C        D        E       F      G
               +--------+--------+--------+--------+--------+-----+--------+
         Total |   2973 |   2892 |     81 |    126 |   2065 |   4 |  743.2 |
       Dungeon |   2973 |   2892 |     81 |    126 |   2065 |   4 |  743.2 |
               +--------+--------+--------+--------+--------+-----+--------+

Top non-repeatable levels by time:
     D:3: 1005 daAuts
     D:1: 760 daAuts
     D:4: 616 daAuts
     D:2: 591 daAuts
